 Dungeon Crawl Stone Soup version 0.30-a0-534-gdc55766716 (webtiles) character file.

Game seed: 13067236045956055283

32 hikkokomori the Magician (level 3, -7/20 HPs)
             Began as a Deep Elf Air Elementalist on Dec 25, 2022.
             Mangled by an iguana (10 damage)
             ... on level 2 of the Dungeon.
             The game lasted 00:01:44 (1338 turns).

hikkokomori the Magician (DEAE)                     Turns: 1338, Time: 00:01:45

Health: -7/20      AC:  2    Str:  5    XL:     3   Next: 10%
Magic:  3/10       EV: 13    Int: 19    God:
Gold:   51         SH:  0    Dex: 17    Spells: 8/9 levels left

rFire   . . .      SeeInvis .    j - +0 long sword
rCold   . . .      Faith    .    (no shield)
rNeg    . . .      Spirit   .    a - +0 robe
rPois   .          Reflect  .    (no helmet)
rElec   .          Harm     .    (no cloak)
rCorr   .          Rampage  .    (no gloves)
Will    .....                    (no boots)
Stlth   ++                       (no amulet)
HPRegen 0.23/turn                (no ring)
MPRegen 0.12/turn                (no ring)

@: no status effects
A: no striking features
a: no special abilities


You were on level 2 of the Dungeon.
You visited 1 branch of the dungeon, and saw 2 of its levels.

You collected 51 gold pieces.

Inventory:

Hand Weapons
 j - a +0 long sword (weapon)
Armour
 a - a +0 robe (worn)
Jewellery
 h - an amulet of guardian spirit
 k - a +6 ring of strength
 l - a ring of poison resistance
Scrolls
 c - 2 scrolls of identify {unknown}
 e - a scroll of enchant weapon {unknown}
 g - 2 scrolls of teleportation {unknown}
 m - a scroll of vulnerability {unknown}
Potions
 b - a potion of magic
 d - 2 potions of haste {unknown}
 f - a potion of curing {unknown}
 i - 3 potions of attraction {unknown}
 n - a potion of flight {unknown}
 o - a potion of mutation {unknown}


   Skills:
 + Level 1.1 Fighting
 - Level 2.4 Dodging
 - Level 2.4 Stealth
 + Level 3.8 Spellcasting
 - Level 1.1 Conjurations
 + Level 3.4 Air Magic


You had 8 spell levels left.
You knew the following spells:

 Your Spells              Type           Power      Damage    Failure   Level
a - Shock                 Conj/Air       48%        1d6       5%          1

Your spell library contained the following spells:

 Spells                   Type           Power      Damage    Failure   Level
 Static Discharge         Conj/Air       24%        2-3/arc   9%          2
 Swiftness                Air            16%        N/A       10%         3
 Ensorcelled Hibernation  Hex/Ice        6%         N/A       22%         2
 Airstrike                Air            8%         2d(2-18)  32%         4
 Spider Form              Tmut/Pois      3%         N/A       38%         3
 Anguish                  Hex/Necr       1%         N/A       80%         4


Dungeon Overview and Level Annotations

Branches:
Dungeon (2/15)

Altars:


Message History

The iguana is heavily wounded.
You closely miss the iguana.
The iguana is heavily wounded.
The iguana bites you!
Ouch! That really hurt!
The iguana bites you.
* * * LOW HITPOINT WARNING * * *
You are too injured to fight recklessly!
You are too injured to fight recklessly!
You barely miss the iguana.
The iguana is heavily wounded.
The iguana barely misses you.
Unknown command.
Casting: Shock (safe; 5% risk of failure)
Confirm with . or Enter, or press ? or * to list all spells.
Aiming: Shock (safe; 5% risk of failure)
Press: ? - help, Shift-Dir - straight line, f/p - iguana
Aim: an iguana (heavily wounded, 72% to hit)
The zap hits the iguana.
The iguana is severely wounded.
The iguana bites you.
* * * LOW HITPOINT WARNING * * *
Unknown command.
Casting: Shock (safe; 5% risk of failure)
Confirm with . or Enter, or press ? or * to list all spells.
Aiming: Shock (safe; 5% risk of failure)
Press: ? - help, Shift-Dir - straight line, f/p - iguana
Aim: an iguana (severely wounded, 72% to hit)
The zap misses the iguana.
The iguana closely misses you.
Unknown command.
Casting: Shock (safe; 5% risk of failure)
Confirm with . or Enter, or press ? or * to list all spells.
Aiming: Shock (safe; 5% risk of failure)
Press: ? - help, Shift-Dir - straight line, f/p - iguana
Aim: an iguana (severely wounded, 72% to hit)
The zap hits the iguana.
The iguana is severely wounded.
The iguana bites you!
Ouch! That really hurt!
You die...

.............>#
#.###.##....... ...# .
###?.. #.####.# ....# ..
#....#####.# #.. ..#.#
... #....#.....# #.#
..#.#
....####....#.##### ##.#
.... #...........).###
#... #.#
#...............# ##..#
..# #.....l@........#
#...# ..##
#...............# #..##
...## #...............#
#..## ##..#
#.[.....##......# ##....
##.# #.............###
#..... #.#
#........###### #.#...
#.# #........ ..# #.#...
###.#
#.......#.#.#######.###+
....#### #+# #.##......#


You could see an iguana.

Vanquished Creatures
  2 bats (D:1)
  5 endoplasms
  2 giant cockroaches (D:2)
  A goblin (D:2)
  2 hobgoblins
  4 jackals (D:2)
  A kobold (D:1)
  A quokka (D:1)
  5 ball pythons
  3 frilled lizards
  3 rats
29 creatures vanquished.

Notes
Turn   | Place    | Note
-------+----------+-------------------------------------------
     0 | D:1      | hikkokomori the Deep Elf Air Elementalist began the quest
                  | for the Orb.
     0 | D:1      | Reached XP level 1. HP: 10/10 MP: 6/6
   506 | D:1      | Reached XP level 2. HP: 13/16 MP: 1/8
  1117 | D:2      | Reached skill level 1 in Fighting
  1251 | D:2      | Reached XP level 3. HP: 20/20 MP: 7/10
  1338 | D:2      | Mangled by an iguana

Illustrated notes

Levels and vault maps discovered:
D:1:      lemuel_arrival_behind_the_door_large, layout_loops_ring
D:2:      layout_basic

Skill      XL: |  1  2 |
---------------+-------+-----
Fighting       | 1 |  1.1
Dodging        | |  2.4
Stealth        | |  2.4
Spellcasting   | |  3.8
Conjurations   | |  1.1
Air Magic      | |  3.4

Action                   || total
-------------------------++-------
Melee: Unarmed           ||     7
       Punch             ||     1
       Long sword        ||    13
 Cast: Shock             ||    57
Armor: Robe              ||     9
Dodge: Dodged            ||    24

Table legend: (Time is in decaauts)
 A = Elapsed time spent in this place.
 B = Non-inter-level travel time spent in this place.
 C = Inter-level travel time spent in this place.
 D = Time resting spent in this place.
 E = Time spent auto-exploring this place.
 F = Levels seen in this place.
 G = Mean time per level.
                   A        B        C        D        E       F      G
               +--------+--------+--------+--------+--------+-----+--------+
         Total |   1342 |   1310 |     32 |      0 |   1148 |   2 |  671.0 |
       Dungeon |   1342 |   1310 |     32 |      0 |   1148 |   2 |  671.0 |
               +--------+--------+--------+--------+--------+-----+--------+

Top non-repeatable levels by time:
     D:1: 939 daAuts
     D:2: 403 daAuts
